 Dungeon Crawl Stone Soup version 0.31-a0-460-g9e667d4245 (webtiles) character file.

Game seed: 12538856778700736909

581 Maratek the Chopper (level 7, -2/54 HPs)
             Began as a Minotaur Fighter on Aug 4, 2023.
             Was a Follower of Hepliaklqana.
             Slain by Pikel
             ... wielding a +0 whip of electrocution
              (12 damage)
             ... on level 5 of the Dungeon.
             The game lasted 00:06:07 (4004 turns).

Maratek the Chopper (Minotaur Fighter)              Turns: 4004, Time: 00:06:09

Health: -2/54      AC:  8    Str: 22    XL:     7   Next: 14%
Magic:  6/6        EV: 10    Int:  5    God:    Hepliaklqana [*.....]
Gold:   143        SH:  4    Dex: 10    Spells: 6/6 levels left

rFire   . . .        a - +0 war axe
rCold   . . .        c - +0 buckler
rNeg    . . .        b - +0 scale mail
rPois   .            (helmet restricted)
rElec   .            (no cloak)
rCorr   .            (no gloves)
SInv    .            h - +0 pair of boots
Will    .....        (no amulet) Stlth
                     (no ring)
HPRegen 0.29/turn    (no ring)
MPRegen 0.10/turn

%: no passive effects
@: studying Fighting
A: reduced essence, horns 2, retaliatory headbutt
a: Renounce Religion, Recall Ancestor, Ancestor Identity


You were on level 5 of the Dungeon.
You worshipped Hepliaklqana.
Hepliaklqana was aware of your devotion.
You visited 1 branch of the dungeon, and saw 5 of its levels.

You collected 143 gold pieces.

Inventory:

Hand Weapons
 a - a +0 war axe (weapon)
Armour
 b - a +0 scale mail (worn)
 c - a +0 buckler (worn)
 h - a +0 pair of boots (worn)
Wands
 s - a wand of digging (4)
Scrolls
 e - a scroll of noise {unknown}
 f - a scroll of enchant armour {unknown}
 g - 5 scrolls of identify {unknown}
 j - a scroll of revelation {unknown}
 k - a scroll of teleportation {unknown}
 m - 4 scrolls of fear {unknown}
 n - 2 scrolls of amnesia {unknown}
 q - a scroll of fog {unknown}
 r - a scroll of blinking {unknown}
 t - a scroll of butterflies {unknown}
Potions
 d - 3 potions of might
 i - 2 potions of heal wounds {unknown}
 l - a potion of brilliance {unknown}
 o - a potion of mutation {unknown}
 p - 2 potions of curing {unknown}
 u - a potion of lignification {unknown}
 v - a potion of resistance {unknown}


   Skills:
 + Level 5.5 Fighting
 + Level 6.3 Axes
 + Level 5.7 Armour
 + Level 1.6 Dodging
 + Level 0.3 Stealth
 + Level 4.6 Shields


You had 6 spell levels left.
You didn't know any spells.
Your spell library contained the following spells:

 Spells                   Type           Power      Damage    Failure   Level
 Stone Arrow              Conj/Erth      0%         3d7       99%         3
 Animate Armour           Summ/Erth      0%         N/A       100%        4
 Lehudib's Crystal Spear  Conj/Erth      0%         10d2      100%        8


Dungeon Overview and Level Annotations

Branches:
Dungeon (5/15)
 Temple: D:4-7

Altars:
Gozag
Hepliaklqana
Okawaru
Sif Muna
Zin

Annotations:
D:5 Pikel


Innate Abilities, Weirdness & Mutations

Your life essence is reduced to manifest your ancestor. (-10% HP)
You have a pair of horns on your head.
You reflexively headbutt those who attack you in melee.


Message History

Pikel is wielding a +0 whip of electrocution.
Pikel shouts!
The lemure shouts! x2
A lemure comes into view.
The lemure shouts!
Pikel cracks his whip.
The lemure hits you but does no damage.
You slash the lemure! Your headbutt misses the lemure.
The lemure is heavily wounded.
You slash Pikel!
Pikel is moderately wounded.
You barely miss the lemure. The lemure barely misses you.
Hori hits Pikel.
You barely miss Pikel.
Pikel is moderately wounded.
You slash the lemure! Pikel hits you but does no damage. The lemure hits you.
Hori hits Pikel but does no damage.
Pikel completely misses you.
The lemure barely misses Hori. x2
You closely miss Pikel.
Pikel is moderately wounded.
You closely miss the lemure.
Hori hits Pikel.
Pikel hits you with a +0 whip of electrocution.
You are electrocuted!!
The lemure hits Hori! x2
You closely miss Pikel.
Pikel is moderately wounded.
You closely miss the lemure.
Hori hits Pikel.
Pikel hits you with a +0 whip of electrocution!
The lemure hits Hori!
Hori is destroyed!
The lemure barely misses you.
You barely miss Pikel.
Pikel is moderately wounded.
You hit the lemure but do no damage.
Pikel hits you with a +0 whip of electrocution.
The lemure hits you.
You hit Pikel.
Pikel is heavily wounded.
You hit the lemure but do no damage. You slash the lemure!
Pikel hits you with a +0 whip of electrocution!
* * * LOW HITPOINT WARNING * * *
You are electrocuted!
You die...

#...#################...#..
#.........# #####..
#.........# . #.........#
.. #.........+ ...
#.........# ...#
#...###...# ....#
#...###...##5....#
......+....@K5....# .....
#....55.....# ...
#...........# #...........#
#############


You could see Pikel and 4 lemures.

Vanquished Creatures
  A black bear (D:4)
  A wight (D:4)
  2 scorpions
  A jelly (D:4)
  An orc priest (D:4)
  An iguana (D:4)
  Natasha (thrice) (D:3)
  An orc wizard (D:4)
  2 adders (D:2)
  4 worms
  3 dart slugs
  15 orcs
  7 ball pythons
  4 endoplasms
  3 giant cockroaches
  6 hobgoblins
  6 jackals
  7 kobolds
  2 quokkas
  8 bats
  4 frilled lizards
  6 goblins
  2 rats
90 creatures vanquished.

Vanquished Creatures (others)
  An ancestor (D:5)
1 creature vanquished.

Grand Total: 91 creatures vanquished

Notes
Turn   | Place    | Note
-------+----------+-------------------------------------------
     0 | D:1      | Maratek the Minotaur Fighter began the quest for the Orb.
     0 | D:1      | Reached XP level 1. HP: 19/19 MP: 0/0
   126 | D:1      | Reached XP level 2. HP: 27/27 MP: 1/1
   837 | D:2      | Reached XP level 3. HP: 32/33 MP: 2/2
   992 | D:2      | Reached skill level 3 in Axes
  1160 | D:2      | Reached XP level 4. HP: 40/41 MP: 3/3
  1254 | D:2      | Found a faded altar of an unknown god.
  1735 | D:3      | Found a glowing silver altar of Zin.
  1735 | D:3      | Found an opulent altar of Gozag.
  1822 | D:3      | Noticed Natasha
  1827 | D:3      | Killed Natasha
  1925 | D:3      | Noticed Natasha
  1936 | D:3      | Killed Natasha
  1937 | D:3      | Reached skill level 4 in Axes
  2090 | D:3      | Noticed Natasha
  2104 | D:3      | Killed Natasha
  2105 | D:3      | Reached skill level 1 in Dodging
  2105 | D:3      | Reached XP level 5. HP: 39/47 MP: 4/4
  2240 | D:3      | Found an iron altar of Okawaru.
  2240 | D:3      | Found a hazy altar of Hepliaklqana.
  2245 | D:3      | Became a worshipper of Hepliaklqana the Forgotten
  2418 | D:3      | Found a shimmering blue altar of Sif Muna.
  2518 | D:4      | Noticed a black bear
  2524 | D:4      | Killed a black bear
  2525 | D:4      | Reached skill level 5 in Axes
  2525 | D:4      | Reached XP level 6. HP: 35/55 MP: 5/5
  2636 | D:4      | Reached skill level 5 in Fighting
  2636 | D:4      | Reached skill level 5 in Armour
  3385 | D:4      | Reached skill level 6 in Axes
  3533 | D:5      | Entered Level 5 of the Dungeon
  3585 | D:5      | Reached XP level 7. HP: 47/61 MP: 6/6
  3641 | D:5      | Reached * piety under Hepliaklqana
  3995 | D:5      | Noticed Pikel
  4004 | D:5      | Slain by Pikel

Illustrated notes

Levels and vault maps discovered:
D:1:      saegor_arrival_simple_a, layout_basic
D:2:      layout_loops_ring, shapermc_ecumenical_altar_totnotflames
D:3:      layout_loops_ring, grunt_temple_overflow_gold_and_silver,
          mainiacjoe_overflow_brackets, gammafunk_temple_overflow_wave,
          uniq_natasha
D:4:      layout_cave_pools, kennysheep_nub, minmay_manual_mullet
D:5:      layout_gridville, minmay_misc_feat_rows, uniq_pikel

Skill      XL: |  1  2  3  4  5  6 |
---------------+-------------------+-----
Fighting       | 4 5 |  5.5
Armour         | 4 5 |  5.7
Axes           | 3 4 5 6 |  6.3
Shields        | 4 |  4.6
Dodging        | 1 |  1.6
Stealth        | |  0.3

Action                     |  1- 3 |  4- 6 |  7- 9 || total
---------------------------+-------+-------+-------++-------
  Melee: War axe           |    78 |   120 |    11 ||   209
         Headbutt          |    13 |    20 |     1 ||    34
 Armour: Scale mail        |    38 |    60 |     7 ||   105
  Dodge: Dodged            |    50 |    54 |     7 ||   111
  Block: Buckler           |    31 |    30 |     1 ||    62

Table legend: (Time is in decaauts)
 A = Elapsed time spent in this place.
 B = Non-inter-level travel time spent in this place.
 C = Inter-level travel time spent in this place.
 D = Time resting spent in this place.
 E = Time spent auto-exploring this place.
 F = Levels seen in this place.
 G = Mean time per level.
                   A        B        C        D        E       F      G
               +--------+--------+--------+--------+--------+-----+--------+
         Total |   4087 |   3920 |    167 |    341 |   2815 |   5 |  817.4 |
       Dungeon |   4087 |   3920 |    167 |    341 |   2815 |   5 |  817.4 |
               +--------+--------+--------+--------+--------+-----+--------+

Top non-repeatable levels by time:
     D:4: 1074 daAuts
     D:3: 911 daAuts
     D:1: 824 daAuts
     D:2: 803 daAuts
     D:5: 474 daAuts
